 Dungeon Crawl Stone Soup version 0.21.1-1-g345015f (webtiles) character file.

424 nicolaieve the Cleaver (level 6, -4/78 HPs)
             Began as a Minotaur Berserker on June 13, 2018.
             Was a Believer of Trog.
             Slain by an ogre
             ... wielding a cursed -3 giant club
              (23 damage)
             ... on level 4 of the Dungeon.
             The game lasted 00:09:00 (2011 turns).

nicolaieve the Cleaver (Minotaur Berserker)         Turns: 2011, Time: 00:09:00

Health: -4/78      AC:  5    Str: 26    XL:     6   Next: 64%
Magic:  0/5        EV: 11    Int:  6    God:    Trog [**....]
Gold:   241        SH:  0    Dex: 12    Spells: 5/5 levels left

rFire    . . .     SeeInvis .   a - +0 hand axe
rCold    . . .     Gourm    .   (no shield)
rNeg     . . .     Faith    .   l - +0 ring mail
rPois    .         Spirit   +   (helmet restricted)
rElec    .         Reflect  .   (no cloak)
rCorr    .         Harm     .   (no gloves)
MR       ++...                  (no boots)
Stlth    ..........             f - amulet of guardian spirit
HPRegen  1.23/turn              (no ring)
MPRegen  0.09/turn              j - +2 ring of intelligence

@: berserking, regenerating, drained, very quick
A: retaliatory headbutt, horns 2
a: Berserk, Trog's Hand, Burn Spellbooks, Renounce Religion


You were on level 4 of the Dungeon.
You worshipped Trog.
Trog was pleased with you.
You were very hungry.

You visited 1 branch of the dungeon, and saw 4 of its levels.

You collected 241 gold pieces.

Inventory:

Hand Weapons
 a - a +0 hand axe (weapon)
Armour
 l - a +0 ring mail (worn)
Jewellery
 f - an amulet of guardian spirit (around neck)
 j - a +2 ring of intelligence (right hand)
Scrolls
 g - a scroll of enchant armour {unknown}
 h - 2 scrolls of remove curse
 i - 4 scrolls of identify {unknown}
 k - 3 scrolls of teleportation {unknown}
 o - a scroll of fear {unknown}
 p - a scroll of enchant weapon {unknown}
 q - a scroll of blinking {unknown}
Potions
 b - a potion of invisibility {unknown}
 d - 2 potions of heal wounds {unknown}
 e - a potion of agility {unknown}
 m - a potion of degeneration {unknown}
 n - 2 potions of brilliance {unknown}
 t - a potion of curing {unknown}
Books
 r - a book of Minor Magic

   Spells                             Type                      Level
   a - Magic Dart                     Conjuration                  1
   b - Blink                          Translocation                2
   c - Call Imp                       Summoning                    2
   d - Slow                           Hexes                        2
   e - Conjure Flame                  Conjuration/Fire             3
   f - Mephitic Cloud                 Conjuration/Poison/Air       3
   Trog disapproves of the use of such an item.
Comestibles
 c - 5 rations
 s - 3 chunks of flesh


   Skills:
 - Level 4.0(3.4) Fighting
 + Level 8.8(8.2) Axes
 - Level 2.6(2.1) Armour
 - Level 2.4(1.9) Dodging


You had 5 spell levels left.
You didn't know any spells.

Dungeon Overview and Level Annotations

Branches:
Dungeon (4/15)
 Temple: D:4-7

Altars:
Dithmenos
Uskayaw


Innate Abilities, Weirdness & Mutations

You reflexively headbutt those who attack you in melee.
You have a pair of horns on your head.


Message History

You furiously retaliate!
You headbutt the bullfrog skeleton!!
You destroy the bullfrog skeleton!
Trog accepts your kill.
Your base Axes skill increases to level 8!
Unknown command.
You hit Edmund. You headbutt Edmund.
Edmund is almost dead.
You closely miss Edmund.
You kill Edmund!
Trog accepts your kill. The ogre hits you with a giant club!
* * * LOW HITPOINT WARNING * * *
Things that are here:
a dire flail of draining; a runed leather armour You slash the ogre!
The ogre is moderately wounded.
You slash the ogre!
The ogre is severely wounded.
The ogre hits you with a giant club!!
You die...

#.## ##..# ...## ##.#.#
#.# .##.###.##.# #.#
...#...###.# #.#######
...#...# #.###.......#
...#...###...........#
...#............#...
#..##..####.....#.#.#...
.####..# ##....@O....#
## [..# ####!#†#.#.#
##.# #.#... #.###.# #.#
.# #.# # .#. # . .


You could see an ogre.

Vanquished Creatures
  Sigmund (D:4)
  Edmund (D:4)
  A bullfrog skeleton (D:4)
  A worker ant (D:4)
  3 gnolls (D:3)
  An adder (D:3)
  2 oozes
  A worm (D:2)
  A dart slug (D:1)
  2 leopard geckos
  An orc (D:3)
  3 giant cockroaches
  5 hobgoblins
  2 jackals (D:1)
  8 kobolds
  4 bats
  A frilled lizard (D:1)
  7 goblins
  A jackal skeleton (D:4)
  14 rats
60 creatures vanquished.

Notes
Turn   | Place    | Note
-------+----------+-------------------------------------------
     0 | D:1      | nicolaieve the Minotaur Berserker began the quest for the Orb.
     0 | D:1      | Reached XP level 1. HP: 19/19 MP: 0/0
    64 | D:1      | Reached XP level 2. HP: 20/27 MP: 1/1
    77 | D:1      | Reached skill level 4 in Axes
   352 | D:1      | Reached ** piety under Trog
   389 | D:1      | Reached XP level 3. HP: 21/33 MP: 2/2
   673 | D:2      | Found a shadowy altar of Dithmenos.
   673 | D:2      | Found a hide-covered altar of Uskayaw.
   964 | D:2      | Reached skill level 5 in Axes
  1433 | D:3      | Reached XP level 4. HP: 35/40 MP: 3/3
  1449 | D:3      | Reached skill level 6 in Axes
  1949 | D:4      | Noticed Sigmund
  1958 | D:4      | Killed Sigmund
  1958 | D:4      | Reached skill level 7 in Axes
  1958 | D:4      | Reached XP level 5. HP: 46/46 MP: 4/4
  1958 | D:4      | Reached XP level 6. HP: 52/52 MP: 5/5
  1994 | D:4      | Noticed Edmund
  2006 | D:4      | Reached skill level 8 in Axes
  2008 | D:4      | Killed Edmund
  2011 | D:4      | Slain by an ogre

Skill      XL: |  1  2  3  4  5  6 |
---------------+-------------------+-----
Axes           | 4 5 7 8 |  8.8
Fighting       | 4 |  4.0
Armour         | |  2.6
Dodging        | |  2.4

Action                   |  1- 3 |  4- 6 || total
-------------------------+-------+-------++-------
Melee: Hand axe          |    99 |    27 ||   126
       Headbutt          |    13 |     8 ||    21
Invok: Berserk           |       |     3 ||     3
       Trog's Hand       |       |     1 ||     1
  Use: Scroll            |     1 |       ||     1
  Eat: Chunk             |     2 |     3 ||     5
Armor: Leather armour    |    17 |       ||    17
       Ring mail         |    11 |     7 ||    18
Dodge: Dodged            |    59 |    25 ||    84
